 Dungeon Crawl Stone Soup version 0.28.0-43-g3370ac3207 (webtiles) character file.

Game seed: 4516165427035362981

144 bromine the Cudgeller (level 5, -10/47 HPs)
             Began as a Gnoll Cinder Acolyte on Mar 22, 2022.
             Was a High Priest of Ignis.
             Killed from afar by an electric eel (13 damage)
             ... with a bolt of electricity
             ... on level 7 of the Dungeon.
             The game lasted 00:06:54 (3961 turns).

bromine the Cudgeller (Gnoll Cinder Acolyte)        Turns: 3961, Time: 00:06:55

Health: -10/47     AC: 12    Str: 16    XL:     5   Next: 26%
Magic:  9/9        EV: 10    Int: 13    God:    Ignis [*****.]
Gold:   157        SH:  0    Dex:  7    Spells: 10/10 levels left

rFire   + . .      SeeInvis .   e - +0 quarterstaff
rCold   . . .      Faith    .   (shield currently unavailable)
rNeg    . . .      Spirit   .   c - +0 ring mail
rPois   +          Reflect  .   (no helmet)
rElec   .          Harm     .   (no cloak)
rCorr   .          Rampage  .   (no gloves)
Will    .....                   (no boots)
Stlth   +.........              (no amulet)
HPRegen 0.15/turn               i - ring of poison resistance
MPRegen 0.11/turn               t - ring of poison resistance

@: fiery-armoured
A: fangs 1, strong nose, distributed training
a: Renounce Religion, Fiery Armour, Foxfire Swarm, Rising Flame


You were on level 7 of the Dungeon.
You worshipped Ignis.
Ignis was extremely pleased with you.
You visited 1 branch of the dungeon, and saw 5 of its levels.

You collected 157 gold pieces.

Inventory:

Hand Weapons
 a - a -1 mace of flaming
 e - a +0 quarterstaff (weapon)
 n - a +0 long sword
 u - a +0 trident
Missiles
 d - 45 arrows
Armour
 b - a +0 robe
 c - a +0 ring mail (worn)
 v - a +0 ring mail of cold resistance
Jewellery
 i - a ring of poison resistance (left hand)
 t - a ring of poison resistance (right hand)
Scrolls
 f - a scroll of fog {unknown}
 j - a scroll of immolation {unknown}
 k - a scroll of enchant armour {unknown}
 o - a scroll of silence {unknown}
 s - a scroll of enchant weapon {unknown}
Potions
 g - 3 potions of haste {unknown}
 h - a potion of might {unknown}
 l - a potion of cancellation {unknown}
 m - a potion of berserk rage {unknown}
 p - a potion of heal wounds {unknown}
 q - 2 potions of curing {unknown}
 r - 2 potions of flight {unknown}


   Skills:
 + Level 6.7 Fighting
 + Level 1.4 Short Blades
 + Level 1.4 Long Blades
 + Level 1.4 Axes
 + Level 6.7 Maces & Flails
 + Level 1.4 Polearms
 + Level 1.4 Staves
 + Level 1.4 Slings
 + Level 1.4 Bows
 + Level 1.4 Crossbows
 + Level 1.4 Throwing
 + Level 1.4 Armour
 + Level 1.4 Dodging
 + Level 1.4 Stealth
 + Level 1.4 Shields
 + Level 1.4 Unarmed Combat
 + Level 3.1 Spellcasting
 + Level 1.1 Conjurations
 + Level 1.1 Hexes
 + Level 1.1 Summonings
 + Level 1.1 Necromancy
 + Level 1.1 Translocations
 + Level 1.1 Transmutations
 + Level 5.5 Fire Magic
 + Level 1.1 Ice Magic
 + Level 1.1 Air Magic
 + Level 1.1 Earth Magic
 + Level 1.1 Poison Magic
 + Level 1.6 Invocations
 + Level 1.4 Evocations


You had 10 spell levels left.
You didn't know any spells.
Your spell library contained the following spells:

 Spells                   Type           Power      Damage    Failure   Level
 Scorch                   Fire           32%        2d7       6%          2
 Foxfire                  Conj/Fire      40%        2x1d6     11%         1
 Conjure Flame            Conj/Fire      10%        6-21      32%         3
 Inner Flame              Hex/Fire       10%        N/A       32%         3
 Ensorcelled Hibernation  Hex/Ice        10%        N/A       36%         2
 Passwall                 Tmut/Erth      4%         N/A       36%         2
 Swiftness                Air            5%         N/A       61%         3
 Flame Wave               Conj/Fire      10%        2d5       71%         4


Dungeon Overview and Level Annotations

Branches:
Dungeon (4/15)
 Temple: D:4-7

Altars:


Innate Abilities, Weirdness & Mutations

You have very sharp teeth.
Your uncanny sense of smell can sniff out nearby items.
Your experience applies equally to all skills.


Message History

The electric eel shoots out a bolt of lightning at you!
The bolt of electricity hits you.
You see here a +0 ring mail of cold resistance.
v - a +0 ring mail of cold resistance The electric eel shoots out a bolt of lightning at you!
The bolt of electricity hits you!
A protective cloak of flame settles atop you.
The electric eel shoots out a bolt of lightning at you!
The bolt of electricity hits you!
An electric eel comes into view.
The electric eel shoots out a bolt of lightning at you!
The bolt of electricity hits the plant!
The plant begins to die.
The bolt of electricity misses you.
The electric eel shoots out a bolt of lightning at you!
The bolt of electricity hits the electric eel.
The electric eel completely resists.
The bolt of electricity hits you.
Found 9 gold pieces.
You hit the electric eel.
The electric eel is lightly wounded.
A nearby plant withers and dies.
The electric eel shoots out a bolt of lightning at you!
The bolt of electricity hits the electric eel.
The electric eel completely resists.
The bolt of electricity hits you.
You hit the electric eel.
The electric eel is moderately wounded.
You sock the electric eel!
The electric eel is almost dead.
The electric eel shoots out a bolt of lightning at you!
The bolt of electricity hits you!
* * * LOW HITPOINT WARNING * * *
You miss the electric eel.
The electric eel is almost dead.
The electric eel shoots out a bolt of lightning at you!
The bolt of electricity hits the electric eel.
The electric eel completely resists.
The bolt of electricity hits you.
* * * LOW HITPOINT WARNING * * *
The electric eel shoots out a bolt of lightning at you!
The bolt of electricity hits the electric eel.
The electric eel completely resists.
The bolt of electricity hits you!
You die...

.≈≈≈≈≈≈..##
..≈≈≈≈≈≈..#
≈P≈≈≈≈.≈..#
≈≈P≈≈≈≈....
≈P≈≈≈≈≈...#
≈P≈≈≈≈..#.#
≈≈≈≈≈≈..#.####
P≈≈≈≈SS@.....#
≈≈≈P≈≈...###..#
P≈≈S.....# #..#
≈≈≈P≈..### #.#
≈≈≈...# ...
P≈P... ...
..≈... ...
.....$ ∆...
..###


You could see 3 electric eels.

Vanquished Creatures
  A jelly (D:3)
  2 adders (D:3)
  A river rat (D:3)
  2 worms (D:2)
  A dart slug (D:1)
  9 orcs (D:3)
  4 ball pythons
  An endoplasm (D:3)
  6 giant cockroaches
  10 hobgoblins
  5 jackals
  6 kobolds
  2 quokkas (D:3)
  3 bats
  2 frilled lizards
  5 goblins
  5 rats
65 creatures vanquished.

Vanquished Creatures (others)
  2 plants (D:7)
2 creatures vanquished.

Grand Total: 67 creatures vanquished

Notes
Turn   | Place    | Note
-------+----------+-------------------------------------------
     0 | D:1      | bromine the Gnoll Cinder Acolyte began the quest for the
                  | Orb.
     0 | D:1      | Reached XP level 1. HP: 23/23 MP: 4/4
   189 | D:1      | Reached XP level 2. HP: 29/29 MP: 5/5
  1100 | D:2      | Found a faded altar of an unknown god.
  1128 | D:2      | Reached XP level 3. HP: 9/35 MP: 7/7
  1720 | D:2      | Reached skill level 1 in Invocations
  2204 | D:3      | Reached skill level 1 in Short Blades
  2204 | D:3      | Reached skill level 1 in Long Blades
  2204 | D:3      | Reached skill level 1 in Axes
  2204 | D:3      | Reached skill level 1 in Polearms
  2204 | D:3      | Reached skill level 1 in Staves
  2204 | D:3      | Reached skill level 1 in Slings
  2204 | D:3      | Reached skill level 1 in Bows
  2204 | D:3      | Reached skill level 1 in Crossbows
  2204 | D:3      | Reached skill level 1 in Throwing
  2204 | D:3      | Reached skill level 1 in Armour
  2204 | D:3      | Reached skill level 1 in Dodging
  2204 | D:3      | Reached skill level 1 in Stealth
  2204 | D:3      | Reached skill level 1 in Shields
  2204 | D:3      | Reached skill level 1 in Unarmed Combat
  2204 | D:3      | Reached skill level 1 in Evocations
  2515 | D:3      | Reached XP level 4. HP: 18/41 MP: 8/8
  3073 | D:3      | Reached skill level 1 in Conjurations
  3073 | D:3      | Reached skill level 1 in Hexes
  3073 | D:3      | Reached skill level 1 in Summonings
  3073 | D:3      | Reached skill level 1 in Necromancy
  3073 | D:3      | Reached skill level 1 in Translocations
  3073 | D:3      | Reached skill level 1 in Transmutations
  3073 | D:3      | Reached skill level 1 in Ice Magic
  3073 | D:3      | Reached skill level 1 in Air Magic
  3073 | D:3      | Reached skill level 1 in Earth Magic
  3073 | D:3      | Reached skill level 1 in Poison Magic
  3425 | D:3      | Reached XP level 5. HP: 47/47 MP: 9/9
  3946 | D:4      | You fall into a shaft and drop 3 floors!
  3961 | D:7      | Killed from afar by an electric eel

Illustrated notes

Levels and vault maps discovered:
D:1:      minmay_arrival_four_loops, layout_basic
D:2:      layout_basic, shapermc_ecumenical_altar_starsandcircs,
          minmay_distorted
D:3:      layout_loops_ring, gup_sewer_entry_bubbles
D:4:      layout_basic, temple_fountains, uniq_ijyb
D:7:      layout_rooms, chequers_big_river

Skill      XL: |  1  2  3  4 |
---------------+-------------+-----
Invocations    | 1 |  1.6
Short Blades   | 1 |  1.4
Long Blades    | 1 |  1.4
Axes           | 1 |  1.4
Polearms       | 1 |  1.4
Staves         | 1 |  1.4
Slings         | 1 |  1.4
Bows           | 1 |  1.4
Crossbows      | 1 |  1.4
Throwing       | 1 |  1.4
Armour         | 1 |  1.4
Dodging        | 1 |  1.4
Stealth        | 1 |  1.4
Shields        | 1 |  1.4
Unarmed Combat | 1 |  1.4
Evocations     | 1 |  1.4
Spellcasting   | 3 |  3.1
Conjurations   | 1 |  1.1
Hexes          | 1 |  1.1
Summonings     | 1 |  1.1
Necromancy     | 1 |  1.1
Translocations | 1 |  1.1
Transmutations | 1 |  1.1
Ice Magic      | 1 |  1.1
Air Magic      | 1 |  1.1
Earth Magic    | 1 |  1.1
Poison Magic   | 1 |  1.1
Fighting       | |  6.7
Maces & Flails | |  6.7
Fire Magic     | |  5.5

Action                   |  1- 3 |  4- 6 || total
-------------------------+-------+-------++-------
Melee: Quarterstaff      |    97 |    84 ||   181
       Bite              |    10 |     7 ||    17
       Mace              |     2 |       ||     2
Invok: Fiery Armour      |     2 |     1 ||     3
Armor: Ring mail         |    72 |    40 ||   112
Dodge: Dodged            |   112 |    69 ||   181
